 Dungeon Crawl Stone Soup version 0.31-a0-236-g9a0961fb85 (webtiles) character file.

Game seed: 12651387844439372153

107398 rabbitsville the Executioner (level 16, -1/167 HPs)
             Began as a Hill Orc Berserker on July 9, 2023.
             Was a High Priest of Trog.
             Slain by a spriggan druid
             ... wielding a +0 quarterstaff
              (11 damage)
             ... on level 1 of the Swamp on July 10, 2023.
             The game lasted 01:15:04 (26513 turns).

rabbitsville the Executioner (Hill Orc Berserker)  Turns: 26513, Time: 01:15:05

Health: -1/167     AC: 24    Str: 28    XL:     16   Next: 46%
Magic:  16/16      EV: 16    Int:  7    God:    Trog [*****.]
Gold:   889        SH:  0    Dex: 10    Spells: 15/15 levels left

rFire   . . .        k - +2 battleaxe "Reunauq" {heavy, Will+}
rCold   . . .        (shield currently unavailable)
rNeg    + . .        S - +0 plate armour
rPois   .            H - +2 helmet
rElec   .            R - +0 cloak
rCorr   .            t - +0 pair of gloves
SInv    .            J - +0 pair of boots
Will    +++++        b - amulet of the Four Winds {rN+ Will+++ Clar} Stlth
                     N - +5 ring of evasion
HPRegen 0.47/turn    I - ring of flight
MPRegen 0.15/turn

%: clarity
@: flying, studying 2 skills
A: no striking features
a: Renounce Religion, Berserk, Trog's Hand, Brothers in Arms


You were on level 1 of the Swamp.
You worshipped Trog.
Trog was extremely pleased with you.
You visited 5 branches of the dungeon, and saw 24 of its levels.
You also visited: Ossuary and Ice Cave.

You collected 2296 gold pieces.
You spent 1407 gold pieces at shops.

Inventory:

Hand Weapons
 k - the +2 battleaxe "Reunauq" (weapon) {heavy, Will+}
   (Trog gifted it to you on level 15 of the Dungeon)

   Will:      It increases your willpower.
 T - a +2 battleaxe of flaming
 U - a +2 antimagic executioner's axe
Missiles
 d - 33 poisoned darts
 q - 3 boomerangs of dispersal
 w - 2 throwing nets
 z - 10 javelins (quivered)
Armour
 t - a +0 pair of gloves (worn)
 H - a +2 helmet (worn)
 J - a +0 pair of boots (worn)
 R - a +0 cloak (worn)
 S - a +0 plate armour (worn)
Jewellery
 b - the amulet of the Four Winds (around neck) {rN+ Will+++ Clar}
   (You bought it in a shop on level 2 of the Orcish Mines)

   [amulet of nothing]

   rN:        It protects you from negative energy.
   Clar:      It protects you from confusion, rage, mesmerisation and fear.
   Will:      It greatly increases your willpower.
 c - a ring of protection from cold
 g - a +6 ring of dexterity
 j - a ring of resist corrosion
 D - a ring of protection from fire
 I - a ring of flight (right hand)
 N - a +5 ring of evasion (left hand)
 Q - a +4 ring of slaying
 Z - the amulet "Itiavuryas" {Spirit rN++ Int-5 Dex+6}
   (You found it on level 4 of the Lair of Beasts)

   [amulet of guardian spirit]

   It causes incoming damage to be divided between your reserves of health and
   magic.
   Int:       It affects your intelligence (-5).
   Dex:       It affects your dexterity (+6).
   rN:        It greatly protects you from negative energy.
Wands
 a - a wand of polymorph (3)
 v - a wand of flame (46)
 C - a wand of mindburst (17)
 G - a wand of digging (8)
 K - a wand of roots (13)
 W - a wand of light (9)
 Y - a wand of paralysis (12)
Scrolls
 e - 3 scrolls of identify
 f - 4 scrolls of revelation
 i - 4 scrolls of poison
 o - 6 scrolls of immolation
 r - 2 scrolls of summoning
 y - 2 scrolls of fog
 F - 7 scrolls of enchant armour
 L - 5 scrolls of teleportation
 M - 4 scrolls of fear
 V - 2 scrolls of vulnerability
 X - 2 scrolls of blinking
Potions
 h - a potion of cancellation {unknown}
 l - 9 potions of mutation
 m - 2 potions of resistance
 n - 14 potions of curing
 p - 5 potions of might
 s - 5 potions of haste
 u - 6 potions of lignification
 x - 2 potions of heal wounds
 A - 5 potions of attraction
 B - 2 potions of berserk rage
 E - a potion of experience {unknown}
 O - 2 potions of invisibility
 P - a potion of enlightenment {unknown}


   Skills:
 + Level 21.3 Fighting
 - Level 22.0 Axes
 * Level 3.4 Throwing
 + Level 13.7 Armour
 * Level 10.3 Dodging


You had 15 spell levels left.
You didn't know any spells.
Your spell library was empty.

Dungeon Overview and Level Annotations

Branches:
Dungeon (15/15)            Temple (0/1) D:5            Lair (5/5) D:9
  Swamp (1/4) Lair:3       Spider (1/4) Lair:2        Slime (0/5) Lair:4
    Orc (2/2) D:9             Elf (0/3) Orc:2        Vaults (0/5) D:13
 Depths (0/4) D:15        Ossuary (visited)           IceCv (visited)

Altars:
Ashenzari
Dithmenos
Fedhas
Hepliaklqana
Nemelex Xobeh
Ru
Uskayaw
Vehumet
Wu Jian
Yredelemnul
Zin
Beogh
Jiyva

Shops:
D:1 :   D:8 (   D:15 (=*   Orc:2 =*[(

Portals:
Trove: D:12 (give +2 storm dragon scales)


Message History

You kill the spriggan!
Trog accepts your kill.
The hornet is severely wounded.
You hear a shout!
The hornet stings you but does no damage.
You slice the hornet!!
You kill the hornet!
Trog accepts your kill.
A spriggan druid comes into view. It is wielding a +0 quarterstaff.
A bog body comes into view.
Things that are here:
a wand of flame (22); an eleionoma corpse
v - a wand of flame (46) (gained 22 charges)
The spriggan druid calls out to the beasts of the wild!
An alligator comes into view.
A shambling mangrove comes into view.
The spriggan druid calls out to the beasts of the wild!
A goliath frog comes into view.
The bog body gestures at you while chanting.
The bolt of cold hits you!!!
* * * LOW HITPOINT WARNING * * *
A swamp worm comes into view.
The bog body points at you and mumbles some strange words.
The bolt of cold hits you!!
* * * LOW HITPOINT WARNING * * *
The alligator puts on a burst of speed!
The spriggan druid completely misses you.
You feel much better.
A swamp worm comes into view.
The spriggan druid barely misses you.
The spriggan druid hits you with a +0 quarterstaff.
* * * LOW HITPOINT WARNING * * *
There is a staircase back to the Lair here.
The alligator closely misses you. The alligator tail-slaps you!
* * * LOW HITPOINT WARNING * * *
The goliath frog hits you but does no damage.
The alligator bites you!
* * * LOW HITPOINT WARNING * * *
The alligator tail-slaps you but does no damage.
The spriggan druid hits you with a +0 quarterstaff!
You die...

..#. .......~ ~.
~...#.. ~~ ..
...#w♣♣ .~~
♣.######..#..♣♣♣~.~
♣♣...........§~♣~..~
♣..~..=..~F~.~w..~§~
♣♣.~~~§~ti.~~f..~~~~
♣♣♣....@n.♣).~~~~~§
♣♣.♣♣♣♣~..~~~..~♣
♣♣♣..~†...~~...♣
♣.~~....§~.....
♣..§.~~..♣...~~
♣~~~~~~~♣♣♣♣.~.
♣~~~~~~.♣ ♣♣
♣♣.....♣♣ ♣♣♣...♣


You could see a shambling mangrove, an alligator (swift), a spriggan druid, a
goliath frog, a bog body and 2 swamp worms.

Vanquished Creatures
  Frances (D:12)
  Kirke (Lair:3)
  Louise (D:14)
  An orc warlord (Orc:2)
  An eleionoma (Swamp:1)
  A bunyip (Swamp:1)
  3 dire elephants (Lair:5)
  A fire dragon (D:15)
  2 ogre magi
  A hydra (Lair:5)
  Erica (Lair:1)
  3 centaur warriors
  2 boulder beetles
  7 two-headed ogres
  3 catoblepae
  2 demonic crawlers (Spider:1)
  A tengu warrior (D:14)
  Urug (D:12)
  6 death yaks (Lair:5)
  2 orc high priests
  Nergalle (Lair:3)
  A deep elf knight (D:13)
  Sonja (D:12)
  A spectral anaconda (Lair:5)
  A spectral death yak (Lair:5)
  2 skysharks
  4 skeletal warriors (D:12)
  An orb spider (Spider:1)
  An obsidian statue (Lair:5)
  A lindwurm (Lair:3)
  2 wizards (D:15)
  5 orc knights
  A deep elf zephyrmancer (D:13)
  4 necromancers
  4 deep elf pyromancers
  4 orc sorcerers
  2 wolf spiders
  12 ugly things
  7 manticores
  3 cyclopes
  2 guardian serpents (D:15)
  A dire elephant zombie (Lair:5)
  5 elephants
  2 ice statues (IceCv)
  6 black mambas
  A naga mage (D:15)
  2 gargoyles
  A centaur skeleton (D:15)
  10 cane toads
  5 rime drakes
  A dire elephant skeleton (Lair:5)
  2 efreet
  5 komodo dragons
  3 yaktaurs (D:15)
  A freezing wraith (D:15)
  A tengu conjurer (D:14)
  An unseen horror (D:10)
  7 ice devils (IceCv)
  4 anaconda simulacra (IceCv)
  5 trolls
  3 polar bears
  3 meliai (D:15)
  2 tarantellas (Spider:1)
  A wolf spider simulacrum (D:15)
  A hornet (Swamp:1)
  A spectral elephant (Lair:5)
  Grinder (D:4)
  21 blink frogs
  6 slime creatures (D:12)
  A dire elephant simulacrum (IceCv)
  Sigmund (D:3)
  A culicivora (Spider:1)
  2 spriggans
  6 jumping spiders (Spider:1)
  A shadow (D:12)
  5 wyverns
  36 yaks
  8 basilisks
  A golden eye (shapeshifter) (D:13)
  2 wraiths
  A vampire (D:11)
  A hog (Lair:3)
  A redback (Spider:1)
  4 vampire mosquitoes (D:11)
  A death yak simulacrum (Lair:5)
  2 harpy simulacra (IceCv)
  9 wargs
  A spectral cane toad (Lair:5)
  2 swamp worms (Swamp:1)
  4 acid dragons
  The ghost of AwFulAwFulPlayer the Skirmisher, an amateur DEHu (D:4)
  12 water moccasins
  3 hydra simulacra (IceCv)
  26 orc warriors
  An ice beast (D:8)
  3 sky beasts
  A black bear (D:9)
  3 elephant zombies (Lair:5)
  11 ogres
  10 centaurs
  24 wolves
  2 phantoms
  A kobold brigand (D:10)
  11 bullfrogs
  An elf zombie (Ossuary)
  A gnoll sergeant (D:5)
  6 scorpions
  3 cane toad simulacra (Lair:5)
  6 wights
  A troll zombie (D:9)
  12 killer bees (D:9)
  11 howler monkeys
  3 centaur zombies
  12 orc priests
  A gnoll bouda (D:6)
  An iguana (D:4)
  Jessica (D:2)
  Terence (D:3)
  4 sleepcaps
  25 orc wizards
  A polar bear simulacrum (IceCv)
  2 troll simulacra (IceCv)
  7 ogre zombies (D:9)
  2 mummies (Ossuary)
  12 gnolls
  A river rat (D:4)
  7 adders
  A shadow imp (D:6)
  13 white imps
  An ufetubus (D:7)
  2 adder zombies (Ossuary)
  7 worms
  4 dart slugs
  80 orcs
  6 ball pythons
  3 endoplasms
  2 giant cockroaches
  11 goblins
  6 hobgoblins
  5 jackals
  7 kobolds
  2 quokkas
  6 bats
  6 frilled lizards
  4 goblin zombies
  3 hobgoblin skeletons (D:9)
  13 hobgoblin zombies
  A jackal zombie (Ossuary)
  14 kobold zombies (Ossuary)
  6 orc skeletons (D:9)
  15 orc zombies
  6 rats
  2 rat zombies (Ossuary)
749 creatures vanquished.

Vanquished Creatures (collateral kills)
  A reaper (IceCv)
  A boulder beetle (D:15)
  An orc knight (Orc:2)
  3 elephants (Lair:4)
  A cane toad (Lair:4)
  3 yaktaurs (D:15)
  A polar bear (Lair:3)
  3 blink frogs (Lair:4)
  4 yaks
  2 hogs (Lair:3)
  An orc warrior (Orc:2)
  An orc priest (Orc:2)
22 creatures vanquished.

Vanquished Creatures (others)
  A minotaur (D:1)
  A demonspawn (D:1)
  An octopode (D:1)
  A merfolk (D:1)
  A demigod (D:1)
  An ogre (D:1)
  3 tengu (D:1)
  A gnoll (D:1)
  An orc (D:1)
  A kobold (D:1)
  4 tentacles (D:1)
16 creatures vanquished.

Grand Total: 787 creatures vanquished

Notes
Turn   | Place    | Note
-------+----------+-------------------------------------------
     0 | D:1      | rabbitsville the Hill Orc Berserker began the quest for the
                  | Orb.
     0 | D:1      | Reached XP level 1. HP: 19/19 MP: 1/1
     0 | D:1      | Noticed an ogre
     0 | D:1      | Noticed a demonspawn
     0 | D:1      | Noticed an octopode
     0 | D:1      | Noticed a tengu
     0 | D:1      | Noticed a kraken
     0 | D:1      | Noticed a minotaur
     0 | D:1      | Noticed a tengu
     0 | D:1      | Noticed a demigod
     0 | D:1      | Noticed a tengu
     0 | D:1      | Noticed a merfolk
     5 | D:1      | Killed a tengu
     8 | D:1      | Killed a tengu
    10 | D:1      | Killed a demigod
    13 | D:1      | Killed a merfolk
    13 | D:1      | Killed a tengu
    14 | D:1      | Killed an ogre
    15 | D:1      | Killed an octopode
    16 | D:1      | Killed a minotaur
    16 | D:1      | Killed a demonspawn
   261 | D:1      | Reached XP level 2. HP: 25/27 MP: 2/2
   459 | D:2      | Noticed Jessica
   579 | D:2      | Killed Jessica
   580 | D:2      | Reached XP level 3. HP: 26/34 MP: 3/3
   731 | D:2      | Found a sparkling altar of Nemelex Xobeh.
   768 | D:1      | Reached ** piety under Trog
   769 | D:1      | Reached skill level 5 in Axes
   938 | D:1      | Reached XP level 4. HP: 41/41 MP: 4/4
  1006 | D:1      | Found Ufrylihe's Book Boutique.
  1739 | D:3      | Noticed Sigmund
  1769 | D:3      | Killed Sigmund
  1770 | D:3      | Reached skill level 5 in Fighting
  1770 | D:3      | Reached skill level 6 in Axes
  1770 | D:3      | Reached XP level 5. HP: 9/50 MP: 5/5
  1770 | D:3      | Reached XP level 6. HP: 10/57 MP: 6/6
  2108 | D:3      | You fall into a shaft and drop 2 floors!
  2108 | D:5      | Entered Level 5 of the Dungeon
  2119 | D:5      | Found a staircase to the Ecumenical Temple.
  2153 | D:5      | Found a sand-covered staircase.
  2158 | Ossuary  | Entered an ossuary
  2253 | Ossuary  | Reached *** piety under Trog
  2520 | Ossuary  | Reached skill level 7 in Axes
  2520 | Ossuary  | Reached XP level 7. HP: 55/64 MP: 7/7
  2674 | D:3      | Noticed Terence
  2676 | D:3      | Noticed Grinder
  2703 | D:4      | Found a runed translucent door.
  3068 | D:4      | Found a runed translucent door.
  3099 | D:4      | Noticed AwFulAwFulPlayer's ghost (amateur DEHu)
  3273 | D:4      | Found a glowing silver altar of Zin.
  3349 | D:4      | Reached **** piety under Trog
  3744 | D:5      | Found a shadowy altar of Dithmenos.
  3746 | D:5      | Identified the +3 leather armour of Indecent Exposure
                  | {rElec rC- rN+++ Stlth+}
  4105 | D:5      | Reached skill level 8 in Axes
  4511 | D:6      | Reached XP level 8. HP: 37/74 MP: 8/8
  4806 | D:6      | Reached skill level 5 in Armour
  5005 | D:6      | Reached skill level 9 in Axes
  5431 | D:7      | Found a basalt altar of Yredelemnul.
  5573 | D:7      | Reached skill level 10 in Axes
  5573 | D:7      | Reached XP level 9. HP: 80/83 MP: 9/9
  5627 | D:7      | Found a blossoming altar of Fedhas.
  6023 | D:8      | Found Adienar's Antique Weapon Shop.
  6097 | D:8      | Reached skill level 10 in Fighting
  6140 | D:8      | Reached ***** piety under Trog
  6141 | D:8      | Reached skill level 11 in Axes
  6492 | D:9      | Found a staircase to the Orcish Mines.
  6633 | D:9      | Noticed an elephant
  6787 | D:9      | Killed an elephant
  6788 | D:9      | Reached skill level 12 in Axes
  6788 | D:9      | Reached XP level 10. HP: 95/95 MP: 10/10
  6866 | D:9      | Found a staircase to the Lair.
  7788 | D:3      | Paralysed by Grinder for 4 turns
  7809 | D:4      | Killed Grinder
  7902 | D:3      | Found a hide-covered altar of Uskayaw.
  7905 | D:3      | Found a radiant altar of Vehumet.
  7906 | D:3      | Found a sacrificial altar of Ru.
  7935 | D:3      | Killed Terence
  7936 | D:3      | Reached skill level 13 in Axes
  8749 | D:10     | Entered Level 10 of the Dungeon
  8807 | D:10     | Killed an unseen horror
  8901 | D:10     | Found a broken altar of Ashenzari.
  9276 | D:10     | Found a faded altar of an unknown god.
  9276 | D:10     | Noticed a gargoyle
  9280 | D:10     | Paralysed by a spriggan for 2 turns
  9311 | D:10     | Killed a gargoyle
  9455 | D:10     | Found a hazy altar of Hepliaklqana.
  9502 | D:11     | Received a gift from Trog
  9503 | D:11     | Reached XP level 11. HP: 102/104 MP: 11/11
  9609 | D:11     | Reached skill level 14 in Axes
  9763 | D:11     | Noticed a manticore
  9778 | D:11     | Killed a manticore
  9992 | D:11     | Noticed a manticore
 10007 | D:11     | Killed a manticore
 10112 | D:11     | Noticed a manticore
 10121 | D:11     | Killed a manticore
 10122 | D:11     | Reached skill level 15 in Axes
 10474 | Lair:1   | Entered Level 1 of the Lair of Beasts
 10516 | Lair:1   | Found a frozen archway.
 10545 | Lair:1   | Received a gift from Trog
 10564 | IceCv    | Entered an ice cave
 10799 | IceCv    | Reached XP level 12. HP: 73/118 MP: 12/12
 10897 | IceCv    | Reached skill level 16 in Axes
 10981 | IceCv    | Reached skill level 15 in Fighting
 11046 | IceCv    | Noticed a reaper
 11049 | IceCv    | Killed a reaper
 11050 | IceCv    | Reached skill level 10 in Armour
 11396 | Lair:1   | Noticed Erica
 11430 | Lair:1   | Killed Erica
 11538 | Lair:1   | Reached skill level 17 in Axes
 12005 | Lair:2   | Noticed a boulder beetle
 12006 | Lair:2   | Found a hole to the Spider Nest.
 12014 | Lair:2   | Killed a boulder beetle
 12437 | Lair:2   | Reached XP level 13. HP: 129/129 MP: 4/13
 12551 | Lair:2   | Received a gift from Trog
 12872 | Lair:3   | Noticed Kirke
 12877 | Lair:3   | Noticed a sphinx
 12882 | Lair:3   | Reached skill level 18 in Axes
 12893 | Lair:3   | Killed Kirke
 13059 | Lair:3   | Found a hide-covered altar of Uskayaw.
 13059 | Lair:3   | Found an ornate altar of the Wu Jian Council.
 13224 | Lair:3   | Noticed Nergalle
 13229 | Lair:3   | Killed Nergalle
 13244 | Lair:3   | Found a staircase to the Swamp.
 13698 | Lair:3   | Reached skill level 19 in Axes
 14068 | Lair:4   | Found a viscous altar of Jiyva.
 14068 | Lair:4   | Found a staircase to the Slime Pits.
 14197 | Lair:4   | Reached XP level 14. HP: 140/141 MP: 4/14
 14332 | Lair:4   | Identified the amulet "Itiavuryas" {Spirit rN++ Int-5
                  | Dex+6}
 14813 | Lair:5   | Entered Level 5 of the Lair of Beasts
 15142 | Lair:5   | Received a gift from Trog
 15208 | Lair:5   | Reached skill level 20 in Axes
 15454 | Lair:5   | Noticed a dire elephant
 15455 | Lair:5   | Noticed a dire elephant
 15470 | Lair:5   | Noticed a dire elephant
 15627 | Orc:1    | Entered Level 1 of the Orcish Mines
 15741 | Orc:1    | Paralysed by an orc sorcerer for 5 turns
 16234 | Orc:1    | Reached ****** piety under Trog
 16490 | Orc:2    | Entered Level 2 of the Orcish Mines
 16545 | Orc:2    | Found a roughly hewn altar of Beogh.
 16560 | Orc:2    | Received a gift from Trog
 16715 | Orc:2    | Found a staircase to the Elven Halls.
 16735 | Orc:2    | Noticed an orc warlord
 16823 | Orc:2    | Found a roughly hewn altar of Beogh.
 16841 | Orc:2    | HP: 7/145 [orc warrior/+0 mace (17)]
 16981 | Orc:2    | Killed an orc warlord
 16990 | Orc:2    | Found Gosofop's Antique Weapon Emporium.
 17015 | Orc:2    | Found Ogublaow's Antique Armour Emporium.
 17032 | Orc:2    | Found Zuelat's Jewellery Emporium.
 17039 | Orc:2    | Bought the amulet of the Four Winds {rN+ Will+++ Clar} for
                  | 1092 gold pieces
 17039 | Orc:2    | Found the amulet of the Four Winds {rN+ Will+++ Clar}
 17062 | Orc:2    | Found Efroh's General Store.
 17530 | D:12     | Noticed Sonja
 17549 | D:12     | Killed Sonja
 17756 | D:12     | Reached skill level 21 in Axes
 17806 | D:12     | Noticed Frances
 17961 | D:12     | Noticed Urug
 17973 | D:12     | Killed Urug
 17974 | D:12     | Reached XP level 15. HP: 117/152 MP: 15/15
 18079 | D:12     | Found a portal to a secret trove of treasure.
 18269 | D:12     | Identified a scroll of acquirement
 18270 | D:12     | Acquired a manual of Dodging
 18842 | D:12     | Killed Frances
 19519 | D:13     | Received a gift from Trog
 19995 | D:13     | Reached skill level 5 in Dodging
 20550 | D:13     | Acquired a manual of Armour
 20700 | D:13     | Found a gate to the Vaults.
 21458 | D:14     | Noticed Louise
 21475 | D:14     | Killed Louise
 21957 | D:15     | Entered Level 15 of the Dungeon
 22192 | D:15     | Found Raesipt's Assorted Antiques.
 22321 | D:15     | Identified the +2 battleaxe "Reunauq" {heavy, Will+} (Trog
                  | gifted it to you on level 15 of the Dungeon)
 22321 | D:15     | Received a gift from Trog
 22502 | D:15     | Found Zihuzed Kuk's Antique Weapon Boutique.
 22518 | D:15     | Found Plog's Jewellery Shoppe.
 22660 | D:15     | Found a staircase to the Depths.
 22890 | D:15     | Reached XP level 16. HP: 137/167 MP: 16/16
 22897 | D:15     | HP: 1/167 [yaktaur/bolt (12)]
 23539 | D:15     | Upgraded the game from 0.31-a0-233-g139696dc86 to
                  | 0.31-a0-236-g9a0961fb85
 24325 | D:4      | Killed AwFulAwFulPlayer's ghost
 24969 | Lair:5   | Reached skill level 22 in Axes
 25194 | Lair:5   | Reached skill level 1 in Throwing
 25310 | Lair:5   | Received a gift from Trog
 25757 | Spider:1 | Entered Level 1 of the Spider Nest
 25874 | Spider:1 | Reached skill level 10 in Dodging
 26297 | Orc:2    | Bought a ring of flight for 315 gold pieces
 26479 | Swamp:1  | Entered Level 1 of the Swamp
 26513 | Swamp:1  | Slain by a spriggan druid

Illustrated notes

Levels and vault maps discovered:
D:1:      nicolae_arrival_kraken_aquarium_a, layout_basic, serial_shops, shop
D:2:      layout_rooms, basic_altar, nrook_mini_vaults, chequers_jeans,
          supply_closet_lemuel, nicolae_houndstooth_variations, uniq_jessica
D:3:      minmay_recursive_quarters, layout_basic, minitemple,
          minmay_crystal_water, uniq_sigmund, uniq_terence, uniq_grinder
D:4:      layout_gridville, kennysheep_little_box, ebering_ghost_sewer_f
D:5:      layout_loops_ring, lemuel_doored_altar,
          minmay_temple_entry_gardened_gates, enter_ossuary_5
D:6:      layout_rooms, minmay_misc_feat_encased
D:7:      layout_rooms, mainiacjoe_overflow_24_doors,
          mainiacjoe_overflow_cross_hatched
D:8:      layout_rooms, serial_shops, shop
D:9:      layout_basic, david_lair_generic, zombieorc2_lemuel,
          minmay_splitting_lines
D:10:     layout_roguey, beargit_hepliaklqana_dungeon_heroes,
          cheibrodos_ashenzari_chains
D:11:     layout_big_octagon
D:12:     layout_stronghold, trove_entry_hex_spiral, uniq_urug, uniq_frances,
          uniq_sonja
D:13:     layout_small_grid, hangedman_vaults_entry_quadrant_bands
D:14:     layout_basic, nicolae_the_louvre, nicolae_benzene_ring, uniq_louise
D:15:     grunt_enter_depths_magical_seal, layout_stronghold, serial_shops,
          shop, nicolae_shop_stone, nicolae_diamond_shop,
          nrook_guardian_serpent_ordinary
Lair:1:   layout_hall_layers, portal_ice_cave_entry_imps, st_stairs_7,
          infiniplex_staircase_pool_2, uniq_erica
Lair:2:   layout_chaotic_city, nicolae_spider_entry_non_spiders
Lair:3:   layout_chaotic_city, swamp_mist, minivault_11, columned_hall_lemuel,
          nzn_masters_of_martial_movement, grunt_megastairs_5, uniq_nergalle,
          uniq_kirke
Lair:4:   layout_cave_pods, slime_entry_1, nicolae_lair_run_with_the_wolves
Lair:5:   due_jungle_book, layout_cave_pods
Swamp:1:  nicolae_swamp_tree_isthmus, layout_basic_swamp, gammafunk_ghost_split,
          evilmike_swamp_ruin_house_2
Spider:1: layout_spider_delve
Orc:1:    layout_diamond_mine, mines5_lemuel
Orc:2:    grunt_orc_cross, layout_caves, basic_altar

Skill      XL: |  1  2  3  4  5  6  7  8  9 10 11 12 13 14 15 16 |
---------------+-------------------------------------------------+-----
Fighting       | 4 5 6 7 9 11 12 14 16 17 19 21 | 21.3
Axes           | 5 6 7 8 10 12 13 15 17 19 21 22 | 22.0
Armour         | 3 4 5 7 8 9 10 11 13 | 13.7
Dodging        | 8 10 | 10.3
Throwing       | 3 |  3.4

Action                     |  1- 3 |  4- 6 |  7- 9 | 10-12 | 13-15 | 16-18 || total
---------------------------+-------+-------+-------+-------+-------+-------++-------
  Melee: Hand axe          |    44 |       |       |       |       |       ||    44
         Battleaxe         |    23 |   159 |   432 |   382 |   363 |   130 ||  1489
         Executioner's axe |       |       |       |   169 |   332 |       ||   501
  Throw: Javelin           |       |       |       |       |       |     1 ||     1
 Invoke: Berserk           |       |     1 |     1 |     1 |     2 |       ||     5
         Trog's Hand       |       |       |       |     1 |     2 |     1 ||     4
         Brothers in Arms  |       |       |       |     1 |     4 |     1 ||     6
  Evoke: Wand              |       |       |       |    13 |       |       ||    13
    Use: Scroll            |       |       |       |    15 |    12 |       ||    27
         Potion            |       |       |       |     1 |     3 |     4 ||     8
 Armour: Animal skin       |    15 |       |       |       |       |       ||    15
         Chain mail        |     9 |   105 |   267 |   155 |       |       ||   536
         Plate armour      |       |       |       |   245 |   501 |    66 ||   812
  Dodge: Dodged            |    45 |    64 |   250 |   429 |   576 |    99 ||  1463

Table legend: (Time is in decaauts)
 A = Elapsed time spent in this place.
 B = Non-inter-level travel time spent in this place.
 C = Inter-level travel time spent in this place.
 D = Time resting spent in this place.
 E = Time spent auto-exploring this place.
 F = Levels seen in this place.
 G = Mean time per level.
                   A        B        C        D        E       F      G
               +--------+--------+--------+--------+--------+-----+--------+
         Total |  26844 |  23780 |   3064 |   1004 |  16073 |  26 | 1032.5 |
       Dungeon |  17777 |  15705 |   2072 |    697 |  11059 |  15 | 1185.1 |
          Lair |   5959 |   5317 |    642 |     12 |   3782 |   5 | 1191.8 |
         Swamp |     34 |     34 |      0 |      0 |      0 |   1 |   34.0 |
   Spider Nest |    390 |    338 |     52 |    127 |    130 |   1 |  390.0 |
  Orcish Mines |   1666 |   1368 |    298 |     79 |    740 |   2 |  833.0 |
       Ossuary |    434 |    434 |      0 |      0 |    121 |   1 |  434.0 |
      Ice Cave |    581 |    581 |      0 |     89 |    241 |   1 |  581.0 |
               +--------+--------+--------+--------+--------+-----+--------+

Top non-repeatable levels by time:
    D:12: 2409 daAuts
     D:9: 1826 daAuts
    D:15: 1670 daAuts
  Lair:5: 1594 daAuts
     D:4: 1401 daAuts
    D:14: 1339 daAuts
     D:3: 1260 daAuts
  Lair:4: 1157 daAuts
  Lair:2: 1095 daAuts
  Lair:3: 1070 daAuts
  Lair:1: 1041 daAuts
    D:11: 1034 daAuts
    D:13: 1017 daAuts
    D:10: 926 daAuts
     D:6: 916 daAuts
